2947 views
Uploaded 2020-04-17 13:27:24
Game version 1.32.3
10:00 long 2on2 ladder game on (4)Avalanche_LV
Saved by zebroni
2947 views
Uploaded 2020-04-17 13:27:24
Game version 1.32.3
10:00 long 2on2 ladder game on (4)Avalanche_LV
48 units @ 4.8k
/ 0.2k
26 buildings @ 4.4k
/ 1.6k


| Healing Salve | 2 | 200 |
| Lesser Clarity Potion | 2 | 140 |
| Scroll of Speed | 1 | 50 |
| total: | 5 | 390g |
| Peon | 7 | 525 | / | 0 |
| Grunt | 7 | 1400 | / | 0 |
| Shaman | 3 | 390 | / | 60 |
| total: | 17 | 2315g | / | 60w |
| Altar of Storms | 1 | 180 | / | 50 |
| Orc Burrow | 5 | 800 | / | 200 |
| Barracks | 1 | 180 | / | 50 |
| Voodoo Lounge | 1 | 130 | / | 30 |
| War Mill | 1 | 205 | / | 0 |
| Spirit Lodge | 1 | 150 | / | 150 |
| Stronghold | 1 | 315 | / | 190 |
| Fortress | 1 | 325 | / | 190 |
| total: | 10 | 1645g | / | 480w |
| 0:02 | Peon |
| 0:02 | Peon |
| 0:06 | Altar of Storms |
| 0:19 | Orc Burrow |
| 0:23 | Peon |
| 0:34 | Barracks |
| 0:40 | Peon |
| 0:59 | Peon |
| 1:14 | Peon |
| 1:26 | Orc Burrow |
| 1:37 | Grunt |
| 1:43 | Peon |
| 1:57 | Voodoo Lounge |
| 2:06 | Feral Spirit |
| 2:19 | Grunt |
| 2:47 | Stronghold |
| 3:09 | Grunt |
| 3:29 | Orc Burrow |
| 4:14 | Grunt |
| 4:31 | Chain Lighting |
| 4:49 | Grunt |
| 4:52 | Orc Burrow |
| 5:30 | Berserker Strength |
| 5:33 | Spirit Lodge |
| 5:39 | Frost Arrows |
| 5:46 | Healing Salve |
| 5:46 | Lesser Clarity Potion |
| 5:47 | Scroll of Speed |
| 5:56 | Healing Salve |
| 6:22 | War Mill |
| 6:46 | Shaman |
| 6:47 | Shaman |
| 6:58 | Feral Spirit |
| 7:10 | Fortress |
| 7:29 | Lesser Clarity Potion |
| 8:03 | Shaman |
| 8:04 | Shaman Adept Training |
| 8:30 | Forked Lightning |
| 9:12 | Grunt |
| 9:13 | Orc Burrow |
| 9:48 | Pillage |
| 9:50 | Shaman Master Training |
| 9:51 | Grunt |

| Lesser Clarity Potion | 1 | 70 |
| total: | 1 | 70g |
| Wisp | 26 | 1560 | / | 0 |
| Huntress | 5 | 975 | / | 100 |
| total: | 31 | 2535g | / | 100w |
| Ancient Protector | 3 | 405 | / | 240 |
| Altar of Elders | 1 | 180 | / | 50 |
| Moon Well | 6 | 1080 | / | 240 |
| Ancient of War | 2 | 300 | / | 120 |
| Hunter's Hall | 1 | 210 | / | 100 |
| Tree of Life | 1 | 340 | / | 185 |
| Ancient of Wonders | 1 | 90 | / | 30 |
| Ancient of Lore | 1 | 155 | / | 145 |
| Tree of Ages | 1 | 320 | / | 180 |
| total: | 16 | 2760g | / | 1110w |
| 0:03 | Wisp |
| 0:03 | Wisp |
| 0:11 | Altar of Elders |
| 0:19 | Moon Well |
| 0:21 | Wisp |
| 0:31 | Wisp |
| 0:49 | Wisp |
| 0:49 | Wisp |
| 0:49 | Wisp |
| 1:02 | Wisp |
| 1:25 | Wisp |
| 1:48 | Wisp |
| 1:56 | Ancient of War |
| 2:00 | Hunter's Hall |
| 2:12 | Moon Well |
| 2:13 | Wisp |
| 2:21 | Entangling Roots |
| 3:15 | Wisp |
| 3:35 | Tree of Life |
| 3:44 | Wisp |
| 3:44 | Wisp |
| 3:56 | Wisp |
| 3:56 | Wisp |
| 3:56 | Wisp |
| 4:03 | Ancient of War |
| 4:10 | Moon Well |
| 4:37 | Wisp |
| 4:38 | Moon Well |
| 5:01 | Moon Well |
| 5:17 | Huntress |
| 5:18 | Wisp |
| 5:18 | Wisp |
| 5:18 | Wisp |
| 5:20 | Ancient Protector |
| 5:46 | Wisp |
| 5:46 | Wisp |
| 6:09 | Moon Well |
| 6:19 | Huntress |
| 6:19 | Huntress |
| 6:24 | Ultravision |
| 6:39 | Tree of Ages |
| 6:59 | Ancient of Wonders |
| 7:15 | Huntress |
| 7:45 | Force of Nature |
| 8:13 | Ancient Protector |
| 8:14 | Ancient Protector |
| 8:23 | Huntress |
| 8:45 | Lesser Clarity Potion |
| 9:37 | Wisp |
| 9:38 | Wisp |
| 9:38 | Wisp |
| 9:39 | Ancient of Lore |
50 units @ 5.6k
/ 0.2k
15 buildings @ 2.1k
/ 0.6k

| Rod of Necromancy | 1 | 150 |
| total: | 1 | 150g |
| Acolyte | 3 | 225 | / | 0 |
| Ghoul | 23 | 2760 | / | 0 |
| total: | 26 | 2985g | / | 0w |
| Altar of Darkness | 1 | 180 | / | 50 |
| Ziggurat | 4 | 600 | / | 200 |
| Crypt | 2 | 400 | / | 100 |
| Tomb of Relics | 1 | 130 | / | 30 |
| Halls of the Dead | 1 | 320 | / | 210 |
| total: | 8 | 1310g | / | 380w |
| 0:06 | Acolyte |
| 0:07 | Acolyte |
| 0:10 | Altar of Darkness |
| 0:13 | Ziggurat |
| 0:31 | Acolyte |
| 0:43 | Crypt |
| 1:06 | Tomb of Relics |
| 1:31 | Ziggurat |
| 1:50 | Ghoul |
| 1:50 | Ghoul |
| 2:10 | Ghoul |
| 2:10 | Ghoul |
| 2:12 | Death Coil |
| 2:17 | Rod of Necromancy |
| 2:42 | Ghoul |
| 3:01 | Ghoul |
| 3:04 | Ziggurat |
| 3:44 | Ghoul |
| 3:44 | Ghoul |
| 4:38 | Ghoul |
| 4:38 | Ghoul |
| 4:39 | Ghoul |
| 5:47 | Ghoul |
| 5:48 | Ghoul |
| 5:50 | Crypt |
| 6:42 | Ghoul |
| 6:42 | Ghoul |
| 6:42 | Ghoul |
| 6:58 | Ghoul |
| 7:00 | Ghoul |
| 7:01 | Ghoul |
| 7:05 | Ziggurat |
| 7:13 | Halls of the Dead |
| 7:29 | Ghoul |
| 7:48 | Ghoul |
| 8:12 | Unholy Aura |
| 8:37 | Ghoul |
| 8:37 | Ghoul |

| Peasant | 18 | 1350 | / | 0 |
| Rifleman | 6 | 1230 | / | 180 |
| total: | 24 | 2580g | / | 180w |
| Scout Tower | 1 | 30 | / | 20 |
| Altar of Kings | 1 | 180 | / | 50 |
| Farm | 3 | 240 | / | 60 |
| Blacksmith | 1 | 140 | / | 60 |
| Barracks | 1 | 160 | / | 60 |
| total: | 7 | 750g | / | 250w |
| 0:07 | Altar of Kings |
| 0:13 | Farm |
| 0:14 | Peasant |
| 0:22 | Peasant |
| 0:36 | Peasant |
| 0:45 | Peasant |
| 0:58 | Blacksmith |
| 1:00 | Peasant |
| 1:22 | Barracks |
| 1:34 | Farm |
| 1:58 | Peasant |
| 2:14 | Holy Light |
| 2:47 | Rifleman |
| 3:34 | Rifleman |
| 4:26 | Peasant |
| 4:26 | Peasant |
| 4:36 | Peasant |
| 4:36 | Peasant |
| 5:13 | Peasant |
| 5:32 | Peasant |
| 5:50 | Peasant |
| 6:19 | Peasant |
| 6:30 | Peasant |
| 6:57 | Rifleman |
| 7:10 | Peasant |
| 7:16 | Farm |
| 7:18 | Peasant |
| 7:27 | Rifleman |
| 7:55 | Rifleman |
| 8:29 | Scout Tower |
| 9:00 | Peasant |
| 9:03 | Rifleman |
⇛